 Dungeon Crawl Stone Soup version 0.26.0-10-g1f06aea511 (webtiles) character file.

Game seed: 11338466011944814226

1766 EnegeticOcto the Cleaver (level 8, -6/68 HPs)
             Began as a Deep Dwarf Delver on Jan 14, 2021.
             Was an Initiate of Makhleb.
             Mangled by a two-headed ogre
             ... wielding a +0 giant club
              (13 damage)
             ... on level 8 of the Dungeon.
             The game lasted 00:07:12 (1546 turns).

EnegeticOcto the Cleaver (Deep Dwarf Delver)        Turns: 1546, Time: 00:07:12

Health: -6/68      AC:  8    Str: 18    XL:     8   Next: 80%
Magic:  7/7        EV:  7    Int: 11    God:    Makhleb [......]
Gold:   306        SH:  0    Dex: 14    Spells: 7/7 levels left

rFire    . . .     SeeInvis +   q - +0 battleaxe
rCold    . . .     Faith    .   (shield currently unavailable)
rNeg     . . .     Spirit   .   d - +0 chain mail
rPois    .         Reflect  .   (no helmet)
rElec    .         Harm     .   (no cloak)
rCorr    .         Rampage  .   (no gloves)
Will     +....                  (no boots)
Stlth    ..........             t - amulet of the acrobat (curse)
HPRegen  0.00/turn              s - ring of see invisible
MPRegen  0.10/turn              (no ring)

@: mighty, non-regenerating
A: damage resistance, heal wounds, sense surroundings 1, no regeneration
a: Heal Wounds, Renounce Religion


You were on level 8 of the Dungeon.
You worshipped Makhleb.
Makhleb was noncommittal.
You visited 2 branches of the dungeon, and saw 6 of its levels.
You also visited: Ossuary.

You collected 306 gold pieces.

Inventory:

Hand Weapons
 a - a +1 hand axe
 i - a +0 dire flail of protection
 q - a +0 battleaxe (weapon)
 r - a +0 war axe
Armour
 b - a +0 leather armour
 d - a +0 chain mail (worn)
 m - the +2 chain mail of Boredom {*Slow Regen+ Int+3 Stlth+}
   (You found it on level 5 of the Dungeon)

   It affects your intelligence (+3).
   It increases your rate of regeneration.
   It may slow you when you take damage.
   It makes you more stealthy.
Jewellery
 s - a ring of see invisible (left hand)
 t - a cursed amulet of the acrobat (around neck)
Wands
 g - a wand of flame (15)
Scrolls
 c - 2 scrolls of fog
 e - a scroll of fear
 l - a scroll of teleportation {@r3}
 p - a scroll of identify {@r1}
Potions
 f - 2 potions of haste {@q4}
 h - 2 potions of curing {unknown}
 j - 2 potions of ambrosia {unknown}
 k - 3 potions of might {@q3}
 n - a potion of flight {unknown}
 o - a potion of brilliance {unknown}


   Skills:
 - Level 2.6 Fighting
 + Level 12.2 Axes
 - Level 2.1 Dodging
 - Level 6.0 Stealth


You had 7 spell levels left.
You didn't know any spells.
Your spell library was empty.

Dungeon Overview and Level Annotations

Branches:
Dungeon (8/15)             Temple (1/1) D:6         Ossuary (visited)
   Lair: D:8-11

Altars:
Ashenzari
Cheibriados
Fedhas
Hepliaklqana
Makhleb
Nemelex Xobeh
Qazlal
Sif Muna
Trog
Uskayaw
Vehumet
Wu Jian
Xom
Zin
The Shining One

Shops:
D:6 [


Innate Abilities, Weirdness & Mutations

You are resistant to damage.
You can heal yourself by infusing magical energy.
You passively map a small area around you.
You do not regenerate.


Message History

You hit the ogre.
The ogre is severely wounded.
The ogre hits you with a +0 giant club!!
* * * LOW HITPOINT WARNING * * *
You completely miss the ogre.
The ogre is severely wounded.
The ogre hits you with a +0 giant club!
* * * LOW HITPOINT WARNING * * *
Your magical essence is drained by the effort!
You feel much better. The ogre barely misses you.
You fail to use your ability.
The ogre hits you but does no damage.
You slice the ogre!!
You kill the ogre!
Makhleb accepts your kill.
Your Axes skill increases to level 12!
You see here a +0 giant club.
Found a plate armour.
A hound comes into view.
The hound barks!
You hear an angry growl.
A black bear comes into view.
A two-headed ogre comes into view. It is wielding two +0 giant clubs.
You barely miss the hound.
The two-headed ogre shouts in stereo!
The hound closely misses you. The hound bites you but does no damage.
You closely miss the hound. The hound closely misses you.
An ogre comes into view. It is wielding a +0 giant club.
The hound barely misses you.
You feel much better.
The ogre shouts!
You hear a loud, deep croak!
The hound barely misses you.
You completely miss the hound. The hound barely misses you.
The hound bites you but does no damage.
Evoke which item? (* to show all) (? for menu, Esc to quit)
Okay, then.
The black bear bites you but does no damage.
The black bear misses you. The black bear barely misses you.
You barely miss the black bear. You barely miss the hound.
The hound bites you but does no damage. The black bear barely misses you.
The black bear claws you but does no damage.
The black bear claws you. The hound bites you. The hound completely misses you.
Found 22 gold pieces.
The hound barely misses you.
A quokka comes into view.
Found a wand of digging (6).
You slash the hound!
The hound is heavily wounded.
The hound bites you but does no damage. The hound bites you.
You slice the hound!!
You kill the hound!
Makhleb accepts your kill.
You barely miss the black bear.
The black bear bites you but does no damage.
The black bear barely misses you. x2; The black bear bites you.
The black bear claws you but does no damage.
The black bear closely misses you.
You hit the black bear but do no damage.
The black bear bites you.
The black bear claws you but does no damage. x2
You barely miss the black bear.
The black bear bites you but does no damage.
The black bear claws you but does no damage.
The black bear closely misses you.
You feel very mighty all of a sudden. The black bear bites you.
The black bear barely misses you.
The black bear claws you but does no damage.
Unknown command.
You slice the black bear!!
The black bear is almost dead.
The black bear goes berserk!
You slice the black bear!!
You kill the black bear!
Makhleb accepts your kill.
You slash the two-headed ogre!
The two-headed ogre is moderately wounded.
The two-headed ogre hits you but does no damage.
The two-headed ogre hits you with a +0 giant club!
You barely miss the two-headed ogre.
The two-headed ogre is moderately wounded.
The two-headed ogre hits you with a +0 giant club!! x2
* * * LOW HITPOINT WARNING * * *
You feel much better. The two-headed ogre barely misses you.
The two-headed ogre hits you with a +0 giant club!
* * * LOW HITPOINT WARNING * * *
You feel much better.
The two-headed ogre hits you with a +0 giant club.
The two-headed ogre hits you with a +0 giant club!
You slice the two-headed ogre!!
The two-headed ogre is severely wounded.
You hear a croak.
You feel much better.
A bullfrog comes into view.
The two-headed ogre hits you with a +0 giant club!
The two-headed ogre hits you with a +0 giant club!!
* * * LOW HITPOINT WARNING * * *
The bullfrog gives a loud, deep croak!
You hit the two-headed ogre.
The two-headed ogre is severely wounded.
The two-headed ogre hits you with a +0 giant club!
You die...

* , .....# ,.$....# *
..... * * *
........## *...., # ,
,.........# ... ..
#......., ..##... .
#....... * .......
,.. #r....#*##.......
, *
...##....###@.......
,.........FOO#....##.
............#.....# ,
,
..............####..
* , ,.....#........#
* / ....,#.....)..###
, * , , ...,
#........#.## * , ,
..............###.. *
, [...#..............


You could see a two-headed ogre, an ogre and a bullfrog.

Vanquished Creatures
  Edmund (D:6)
  A black bear (D:8)
  2 orc warriors
  A sky beast (D:5)
  2 necrophages (D:7)
  A phantom (D:7)
  2 ogres
  Blork the orc (D:6)
  A bullfrog (D:6)
  4 elf zombies (Ossuary)
  A scorpion (D:7)
  A bullfrog skeleton (D:6)
  A hound (D:8)
  3 orc priests
  A human zombie (Ossuary)
  A jelly (D:6)
  An iguana (D:7)
  2 orc wizards (D:6)
  A worker ant (D:7)
  A hound skeleton (D:7)
  2 mummies (Ossuary)
  An adder (D:5)
  A shadow imp (D:7)
  A white imp (D:5)
  2 adder zombies
  A dart slug (D:5)
  2 leopard geckos (D:5)
  3 orcs
  3 goblin zombies (Ossuary)
  10 hobgoblin zombies (Ossuary)
  2 jackal zombies (Ossuary)
  5 kobold zombies (Ossuary)
  9 orc zombies (Ossuary)
  2 rat zombies (Ossuary)
73 creatures vanquished.

Notes
Turn   | Place    | Note
-------+----------+-------------------------------------------
     0 | D:5      | EnegeticOcto the Deep Dwarf Delver began the quest for the
                  | Orb.
     0 | D:5      | Reached XP level 1. HP: 20/20 MP: 1/1
    15 | D:5      | Noticed an ogre
    36 | D:5      | Killed an ogre
    37 | D:5      | Reached skill level 5 in Axes
    37 | D:5      | Reached XP level 2. HP: 8/27 MP: 2/2
    37 | D:5      | Reached XP level 3. HP: 9/33 MP: 3/3
    37 | D:5      | Reached XP level 4. HP: 12/40 MP: 4/4
    71 | D:4      | Found a sand-covered staircase.
   100 | Ossuary  | Entered an ossuary
   175 | Ossuary  | Reached XP level 5. HP: 41/46 MP: 5/5
   183 | Ossuary  | Reached skill level 6 in Axes
   247 | Ossuary  | Reached skill level 7 in Axes
   247 | Ossuary  | Reached XP level 6. HP: 54/55 MP: 6/6
   346 | Ossuary  | Reached skill level 8 in Axes
   399 | D:5      | Noticed a sky beast
   433 | D:5      | Killed a sky beast
   434 | D:5      | Reached XP level 7. HP: 38/61 MP: 7/7
   588 | D:5      | Got a scorched chain mail
   598 | D:5      | Identified the +2 chain mail of Boredom {*Slow Regen+ Int+3
                  | Stlth+} (You found it on level 5 of the Dungeon)
   631 | D:6      | Found a glowing silver altar of Zin.
   676 | D:6      | Found a sparkling altar of Nemelex Xobeh.
   678 | D:6      | Noticed Edmund
   739 | D:6      | HP: 1/61 [Edmund/+0 dire flail of protection (7)]
   740 | D:6      | Killed Edmund
   741 | D:6      | Reached skill level 9 in Axes
   846 | D:6      | Noticed Blork the orc
   861 | D:6      | Killed Blork the orc
   870 | D:6      | Found Baor's Antique Armour Shoppe.
   906 | D:6      | Reached skill level 10 in Axes
   936 | D:7      | Reached XP level 8. HP: 54/68 MP: 8/8
   948 | D:7      | Reached skill level 11 in Axes
  1355 | D:6      | Found a staircase to the Ecumenical Temple.
  1363 | Temple   | Entered the Ecumenical Temple
  1401 | Temple   | Became a worshipper of Makhleb the Destroyer
  1517 | D:8      | Reached skill level 12 in Axes
  1521 | D:8      | Noticed a two-headed ogre
  1541 | D:8      | HP: 2/68 [two-headed ogre/+0 giant club (20)]
  1546 | D:8      | Mangled by a two-headed ogre

Illustrated notes

Levels and vault maps discovered:
D:4:      layout_basic, nicolae_ossuary_entry_monument, uniq_sigmund
D:5:      layout_rooms
D:6:      layout_basic, lemuel_round_altar, zin_treasury,
          minmay_temple_entry_trees, serial_shops, shop, lightli_minifort,
          uniq_blork_the_orc, uniq_edmund
D:7:      layout_layer_cave, basic_altar
D:8:      layout_cave_pools, okawaru_ov_weapons_minmay,
          nicolae_dithmenos_the_darkroom, nicolae_ru_great_annihilating_truth,
          blue_anna_alchemist [blue_anna_fruit_fields, blue_anna_fruit_fields],
          uniq_joseph
Temple:   regret_index_temple_waves

Skill      XL: |  1  2  3  4  5  6  7  8 |
---------------+-------------------------+-----
Axes           | 5 7 8 10 12 | 12.2
Fighting       | |  2.6
Dodging        | |  2.1
Stealth        | |  6.0

Action                   |  1- 3 |  4- 6 |  7- 9 || total
-------------------------+-------+-------+-------++-------
Melee: Hand axe          |    22 |   190 |    70 ||   282
       Dire flail        |       |       |    22 ||    22
       Battleaxe         |       |       |    92 ||    92
 Abil: Heal Wounds       |     2 |     6 |    16 ||    24
Evoke: Wand              |       |       |     3 ||     3
  Use: Scroll            |       |     1 |     6 ||     7
       Potion            |       |       |     1 ||     1
Armor: Leather armour    |     5 |     3 |       ||     8
       Chain mail        |       |   124 |    86 ||   210
Dodge: Dodged            |    34 |    76 |    87 ||   197
